Map: [ESL] Data-C

Players

goblin - Winner!

  • Race: Protoss Protoss
  • Spawn Location: 3:00

GunGFuBanDa

  • Race: Protoss Protoss
  • Spawn Location: 9:00

Event: DreamHack SC2 Masters 2022 Atlanta (Online)

VOD

Have the link to the VOD?

Description

Time

  • Played on: Oct. 1, 2022, 10:09 a.m.
  • Length: 5:57

All games in this series

Show
View Real Time Build Order
Export as new Build Order

goblin Protoss - Winner!

Build Orders:  

Get SALT Encoding   

  12  0:00  Probe  
  13  0:12  Probe  
  14  0:18  Pylon  
  14  0:24  Probe (Chrono Boost)  
  15  0:36  Probe (Chrono Boost)  
  15  0:37  Gateway  
  16  0:45  Probe (Chrono Boost)  
  16  0:46  Assimilator  
  17  0:50  Probe  
  17  0:55  Assimilator  
  18  1:03  Probe (Chrono Boost)  
  19  1:07  Gateway  
  19  1:13  Probe (Chrono Boost)  
  20  1:18  Probe (Chrono Boost)  
  21  1:25  Cybernetics Core  
  21  1:30  Probe  
  22  1:36  Pylon  
  22  1:42  Probe  
  23  2:01  Robotics Facility  
  23  2:04  Stalker  
  23  2:05  Stalker  
  27  2:14  Warp Gate  
  27  2:15  Pylon  
  27  2:22  Probe  
  28  2:43  Stalker x2  
  32  2:49  Immortal (Chrono Boost)  
  35  3:01  Shield Battery  
  35  3:17  Warp Prism (Chrono Boost)  
  37  3:25  Pylon  
  37  3:59  Immortal  
  41  4:05  Stalker x2  
  45  4:16  Pylon  
  45  4:33  Nexus  
  45  4:36  Sentry x2  
  47  4:45  Probe  
  43  5:00  Stalker x2  
  43  5:04  Observer  
  48  5:13  Probe  
  46  5:25  Probe  
Show
View Real Time Build Order
Export as new Build Order

GunGFuBanDa Protoss 

Build Orders: Oracle Opening 

Get SALT Encoding   

  12  0:00  Probe  
  13  0:13  Probe  
  14  0:17  Pylon  
  14  0:25  Probe (Chrono Boost)  
  16  0:37  Probe (Chrono Boost), Gateway  
  16  0:42  Probe (Chrono Boost)  
  16  0:45  Assimilator  
  17  0:52  Probe (Chrono Boost)  
  17  0:57  Assimilator  
  18  1:04  Probe (Chrono Boost)  
  19  1:10  Gateway  
  19  1:13  Probe (Chrono Boost)  
  19  1:18  Probe  
  21  1:26  Cybernetics Core  
  21  1:30  Probe  
  22  1:35  Pylon  
  22  1:42  Probe  
  23  1:57  Probe  
  24  2:02  Warp Gate, Stalker x2  
  28  2:09  Probe  
  28  2:13  Pylon  
  29  2:23  Stargate  
  29  2:29  Pylon  
  29  2:38  Stalker  
  31  2:44  Stalker  
  33  2:53  Probe  
  34  3:07  Oracle (Chrono Boost), Probe  
  37  3:18  Pylon  
  37  3:20  Probe  
  37  3:35  Oracle (Chrono Boost)  
  37  3:37  Shield Battery, Pylon  
  40  3:50  Gateway  
  40  3:51  Zealot x2  
  40  3:54  Pylon  
  42  4:12  Sentry  
  44  4:19  Twilight Council  
  44  4:20  Gateway  
  44  4:48  Sentry  
  44  4:55  Gateway  
  44  4:59  Pylon  
  38  5:15  Zealot, Stalker  
  39  5:24  Probe  
  29  5:36  Probe  
Tags
 
Add a new tag
Caveats
  • Supply blocks, unpowered buildings, or Contaminate may cause inaccurate times.
  • Supply counts are checked every 10 seconds.